 Dungeon Crawl Stone Soup version 0.27.0-1-g7a089689b8 (webtiles) character file.

Game seed: 17136275612828557379

190 avis the Chopper (level 5, -10/46 HPs)
             Began as a Hill Orc Monk on Aug 11, 2021.
             Was a Believer of Beogh.
             Killed from afar by Ijyb (15 damage)
             ... with a bolt of acid
             ... on level 4 of the Dungeon.
             The game lasted 00:17:55 (4023 turns).

avis the Chopper (Hill Orc Monk)                    Turns: 4023, Time: 00:17:55

Health: -10/46     AC:  9    Str: 18    XL:     5   Next: 69%
Magic:  2/5        EV:  5    Int: 10    God:    Beogh [**....]
Gold:   224        SH:  0    Dex: 13    Spells: 2/4 levels left

rFire    . . .     SeeInvis .   a - +0 hand axe
rCold    . . .     Faith    .   (no shield)
rNeg     . . .     Spirit   .   p - +0 plate armour
rPois    .         Reflect  .   s - +0 helmet
rElec    .         Harm     .   u - +0 cloak
rCorr    .         Rampage  .   v - +0 pair of gloves {Str+3}
Will     .....                  (no boots)
Stlth    ..........             (no amulet)
HPRegen  0.15/turn              (no ring)
MPRegen  0.09/turn              (no ring)

@: corroded
A: no striking features
a: Renounce Religion, Smiting


You were on level 4 of the Dungeon.
You worshipped Beogh.
Beogh was pleased with you.
You visited 2 branches of the dungeon, and saw 5 of its levels.

You collected 224 gold pieces.

Inventory:

Hand Weapons
 a - a +0 hand axe (weapon)
 b - a +1 vorpal hunting sling
Missiles
 f - 203 stones (quivered)
 r - 2 boomerangs
 w - 17 poisoned darts
Armour
 p - a +0 plate armour (worn)
 s - a +0 helmet (worn)
 u - a +0 cloak (worn)
 v - a +0 pair of gloves of strength (worn)
Scrolls
 d - a scroll of summoning {unknown}
 h - 3 scrolls of magic mapping {unknown}
 i - a scroll of fear {unknown}
 k - 2 scrolls of identify {unknown}
 z - a scroll of blinking {unknown}
 B - a scroll of teleportation {unknown}
Potions
 c - 2 potions of attraction {unknown}
 e - a potion of invisibility {unknown}
 l - a potion of lignification {unknown}
 n - a potion of ambrosia {unknown}
 t - a potion of cancellation {unknown}
 A - a potion of curing {unknown}


   Skills:
 + Level 3.8 Fighting
 * Level 7.9 Axes
 - Level 2.4 Dodging
 - Level 1.5 Stealth
 + Level 1.0 Invocations


You had 2 spell levels left.
You knew the following spells:

 Your Spells              Type           Power      Damage    Failure   Level
b - Blink                 Tloc           N/A        N/A       100%        2

Your spell library contained the following spells:

 Spells                   Type           Power      Damage    Failure   Level
 Apportation              Tloc           0%         N/A       100%        1
 Corona                   Hex            0%         N/A       100%        1
 Ensorcelled Hibernation  Hex/Ice        0%         N/A       100%        2
 Lesser Beckoning         Tloc           0%         N/A       100%        3
 Tukima's Dance           Hex            0%         N/A       100%        3
 Alistair's Intoxication  Tmut/Pois      0%         N/A       100%        5
 Manifold Assault         Tloc           0%         N/A       100%        5
 Invisibility             Hex            0%         N/A       100%        6


Dungeon Overview and Level Annotations

Branches:
Dungeon (4/15)             Temple (1/1) D:4

Altars:
Ashenzari
Dithmenos
Elyvilon
Gozag

Shops:
D:3 :

Annotations:
D:3 3 runed translucent doors, lukano's ghost, amateur MiMo
D:4 Ijyb


Message History

Fire: 206 stones
Press: ? - help, Q - select action, (/) - cycle Shift-Dir - straight line, f - goblin
Aim: a goblin, wielding a +0 hunting sling and quivering stones (51% to hit)
You shoot a stone. The stone closely misses the goblin.
Fire: 205 stones
Press: ? - help, Q - select action, (/) - cycle Shift-Dir - straight line, f/p - goblin
Aim: a goblin, wielding a +0 hunting sling and quivering stones (47% to hit)
You shoot a stone. The stone hits the jackal.
The jackal is heavily wounded.
The jackal completely misses you.
Fire: 204 stones
Press: ? - help, Q - select action, (/) - cycle Shift-Dir - straight line, f/p - goblin
Aim: a goblin, wielding a +0 hunting sling and quivering stones (47% to hit)
You shoot a stone. The stone barely misses the jackal.
The stone closely misses the goblin.
The jackal bites you but does no damage. x2
Aiming: Smiting
Press: ? - help, Dir - move target, f - Ijyb, p - goblin Smite: Ijyb, wielding a +2 dagger of venom, wearing a +0 ring mail and carrying a wand of acid (9)
You smite Ijyb!
Ijyb is heavily wounded.
Ijyb zaps a wand.
The bolt of acid misses the jackal.
The bolt of acid hits you.
You are splashed with acid!
The jackal bites you but does no damage.
You don't have enough magic at the moment.
a - a +0 hand axe (weapon)
The goblin unwields a +0 hunting sling.
The goblin wields a +0 club.
The goblin hits you with a +0 club. The jackal bites you.
Ijyb zaps a wand.
The bolt of acid hits the jackal!!
The jackal is splashed with acid!
The acid corrodes the jackal!
The jackal dies!
The bolt of acid hits you! The acid corrodes you!
You are splashed with acid!
* * * LOW HITPOINT WARNING * * *
Okay, then.
Okay, then.
Ijyb zaps a wand.
The bolt of acid hits the goblin!
The goblin is splashed with acid.
The acid corrodes the goblin!
The goblin dies!
The bolt of acid hits you!
You die...

≈≈..#...#.....#...#
≈≈..#...#.....#...#
≈≈..##†##.....##'##
≈≈...#......).....#
≈≈...#............#
≈≈...##########...#
≈≈#### $.....#...#
≈≈ (..(.((...# ≈≈
.....g).@.# ##
###########


You could see Ijyb.

Vanquished Creatures
  An orc wizard (D:3)
  A hound skeleton (D:3)
  5 adders
  3 worms (D:2)
  3 dart slugs (D:2)
  4 orcs (D:3)
  10 endoplasms
  2 giant cockroaches
  4 hobgoblins
  9 jackals
  3 kobolds
  4 quokkas
  7 ball pythons
  8 bats
  2 frilled lizards
  9 goblins
  10 rats
85 creatures vanquished.

Vanquished Creatures (others)
  An orc priest (D:3)
  An orc wizard (D:3)
  2 adders (D:3)
  3 orcs (D:3)
  A ball python (D:3)
  An endoplasm (D:3)
  A giant cockroach (D:3)
  A goblin (D:4)
  A hobgoblin (D:3)
  A jackal (D:4)
  A kobold (D:3)
14 creatures vanquished.

Grand Total: 99 creatures vanquished

Notes
Turn   | Place    | Note
-------+----------+-------------------------------------------
     0 | D:1      | avis the Hill Orc Monk began the quest for the Orb.
     0 | D:1      | Reached XP level 1. HP: 19/19 MP: 1/1
   298 | D:1      | Reached XP level 2. HP: 16/26 MP: 2/2
   466 | D:1      | Reached skill level 5 in Axes
   695 | D:1      | Reached XP level 3. HP: 31/31 MP: 3/3
   867 | D:1      | Learned a level 2 spell: Blink
  1157 | D:2      | Reached skill level 6 in Axes
  1370 | D:2      | Reached XP level 4. HP: 12/39 MP: 4/4
  1791 | D:2      | Found a white marble altar of Elyvilon.
  2024 | D:2      | Reached skill level 7 in Axes
  2116 | D:2      | Found a faded altar of an unknown god.
  2418 | D:3      | Reached XP level 5. HP: 36/45 MP: 5/5
  2636 | D:3      | Became a worshipper of Beogh the Brigand
  2636 | D:3      | Reached * piety under Beogh
  2636 | D:3      | Reached ** piety under Beogh
  3367 | D:3      | Found Luozozas's Book Emporium.
  3631 | D:3      | Found a runed translucent gate.
  3631 | D:3      | Found an opulent altar of Gozag.
  3631 | D:3      | Found a runed translucent gate.
  3631 | D:3      | Noticed an ice beast
  3631 | D:3      | Noticed lukano's ghost (amateur MiMo)
  3632 | D:3      | Found a runed translucent gate.
  3795 | D:4      | Found a staircase to the Ecumenical Temple.
  3806 | Temple   | Entered the Ecumenical Temple
  4015 | D:4      | Noticed Ijyb
  4018 | D:4      | Reached skill level 1 in Invocations
  4023 | D:4      | Killed from afar by Ijyb

Illustrated notes

Levels and vault maps discovered:
D:1:      dpeg_arrival_tiny_c, layout_basic, serial_glass, glass_columns_a,
          glass_columns_c, minmay_pentomino_v4
D:2:      minmay_alternating_diamond, layout_rooms,
          ebering_ecumenical_altar_abandoned, kennysheep_flooded_box,
          minmay_circle_x
D:3:      layout_loops_ring, ebering_ghost_gozag, serial_shops,
          nicolae_shop_waterfront, st_stairs_2, minmay_crystal_room,
          minmay_misc_feat_columns, minmay_starry_boxes
D:4:      kennysheep_goblin_castle, layout_loops_ring,
          mainiacjoe_overflow_alcove_1, minmay_overflow_temple_star_hex,
          minmay_temple_entry_glassed_door
Temple:   nicolae_temple_hex_pool

Skill      XL: |  1  2  3  4  5 |
---------------+----------------+-----
Axes           | 5 6 7 |  7.9
Invocations    | 1 |  1.0
Fighting       | |  3.8
Dodging        | |  2.4
Stealth        | |  1.5

Action                   |  1- 3 |  4- 6 || total
-------------------------+-------+-------++-------
Melee: Hand axe          |   131 |   170 ||   301
 Fire: Hunting sling     |       |    26 ||    26
Invok: Smiting           |       |     1 ||     1
       Convert to Beogh  |       |     1 ||     1
 Stab: Sleeping          |     3 |       ||     3
Armor: Robe              |    14 |       ||    14
       Scale mail        |    19 |    26 ||    45
       Plate armour      |       |    82 ||    82
Dodge: Dodged            |    76 |    58 ||   134
